[Event "1st Gujarat GM Open 2018"]
[Site "Ahmedabad"]
[Date "2018.10.07"]
[Round "3"]
[White "Tukhaev, Adam"]
[Black "Kulkarni, Vinayak"]
[Result "1/2-1/2"]
[ECO "B30"]
[WhiteElo "2556"]
[BlackElo "2203"]
[Annotator "ChessBase"]
[PlyCount "63"]
[EventDate "2018.10.05"]
[EventType "swiss"]
[EventCountry "IND"]
[SourceTitle "playchess.com"]
[Source "ChessBase"]
[SourceQuality "1"]
[TimeControl "5400+30"]

1. e4 c5 2. Nf3 Nc6 3. Bb5 e6 4. O-O Nge7 5. Ba4 Ng6 6. c4 Be7 7. d4 Nxd4 8. Nxd4 cxd4 9. Qxd4 O-O 10. Be3 Qa5 11. Qd1 Bf6 12. Nd2 Bxb2 13. Rb1 Bf6 14. c5 Qc7 15. f4 Be7 16. Rc1 d6 17. f5 Ne5 18. f6 gxf6 19. Qh5 Rd8 20. Rc3 Ng6 21. e5 dxe5 22. Ne4 Qa5 23. Bg5 Rd4 24. Rh3 Qxa4 25. Nxf6+ Bxf6 26. Bxf6 Rg4 27. Qxh7+ Kf8 28. Bg5 Rf4 29. Bh6+ Ke7 30. Bg5+ Kf8 31. Bh6+ Ke7 32. Bg5+ 1/2-1/2

[Event "1st Gujarat GM Open 2018"]
[Site "Ahmedabad"]
[Date "2018.10.07"]
[Round "3"]
[White "Sivuk, Vitaly"]
[Black "Pranav Anand"]
[Result "1-0"]
[ECO "A06"]
[WhiteElo "2545"]
[BlackElo "2269"]
[Annotator "ChessBase"]
[PlyCount "167"]
[EventDate "2018.10.05"]
[EventType "swiss"]
[EventCountry "IND"]
[SourceTitle "playchess.com"]
[Source "ChessBase"]
[SourceQuality "1"]
[TimeControl "5400+30"]

1. Nf3 d5 2. e3 Nf6 3. c4 e6 4. b3 Bd6 5. Bb2 Nbd7 6. d4 b6 7. cxd5 exd5 8. Nc3 a6 9. g3 Bb7 10. Bg2 O-O 11. O-O Re8 12. Rc1 Qe7 13. Rc2 Ne4 14. Qc1 Rac8 15. Rd1 f5 16. Bh3 Rf8 17. Qa1 g5 18. Nxe4 Qxe4 19. Ne1 Qe7 20. Nd3 h5 21. Bg2 Qe6 22. Qc1 Qe7 23. b4 c6 24. a4 Rfe8 25. a5 b5 26. Nc5 Nxc5 27. dxc5 Be5 28. Bxe5 Qxe5 29. Rd4 Rc7 30. Qd1 g4 31. Rf4 Bc8 32. Kf1 Rh7 33. Qd4 Rhe7 34. Qxe5 Rxe5 35. Ke2 Kg7 36. Rc1 Rh8 37. Rh1 Rh6 38. Kd3 Re8 39. h3 Re7 40. Kd4 Rf6 41. hxg4 hxg4 42. Rh5 Re8 43. Bf1 Rh6 44. Rxh6 Kxh6 45. Bg2 Kg5 46. f3 gxf3 47. Bxf3 Rh8 48. Ke5 Rh6 49. Rh4 Rxh4 50. gxh4+ Kxh4 51. Kf4 Kh3 52. Bh5 Kg2 53. Be8 Bb7 54. Kxf5 Kf3 55. Ke6 Bc8+ 56. Bd7 Bxd7+ 57. Kxd7 Kxe3 58. Kxc6 d4 59. Kb7 d3 60. c6 d2 61. c7 d1=Q 62. c8=Q Qd6 63. Qc3+ Ke2 64. Ka7 Qe6 65. Qc2+ Ke3 66. Qc5+ Kd3 67. Qb6 Qd7+ 68. Kxa6 Qc8+ 69. Qb7 Qe6+ 70. Qb6 Qc8+ 71. Ka7 Qd7+ 72. Kb8 Qe8+ 73. Kb7 Qe4+ 74. Qc6 Qxb4 75. Qd7+ Kc3 76. a6 Kb2 77. a7 Qe4+ 78. Qc6 Qe7+ 79. Kb6 Qe3+ 80. Qc5 Qe6+ 81. Ka5 Qa2+ 82. Kxb5 Qg8 83. Qd4+ Kb3 84. Qd1+ 1-0

[Event "1st Gujarat GM Open 2018"]
[Site "Ahmedabad"]
[Date "2018.10.07"]
[Round "3"]
[White "Harsha Bharathakoti"]
[Black "Ritviz, Parab"]
[Result "1-0"]
[ECO "E06"]
[WhiteElo "2492"]
[BlackElo "2252"]
[Annotator "ChessBase"]
[PlyCount "95"]
[EventDate "2018.10.05"]
[EventType "swiss"]
[EventCountry "IND"]
[SourceTitle "playchess.com"]
[Source "ChessBase"]
[SourceQuality "1"]
[TimeControl "5400+30"]

1. d4 Nf6 2. c4 e6 3. Nf3 d5 4. g3 Be7 5. Bg2 O-O 6. O-O dxc4 7. Qc2 a6 8. a4 Nbd7 9. Nbd2 b6 10. Nxc4 Bb7 11. Rd1 Be4 12. Qb3 b5 13. axb5 axb5 14. Rxa8 Qxa8 15. Qxb5 Rb8 16. Qa5 Qb7 17. Bf4 Nd5 18. Qd2 Qb3 19. Rc1 Bb4 20. Qd1 Qxd1+ 21. Rxd1 Nxf4 22. gxf4 Bd5 23. Nfe5 Nxe5 24. Nxe5 Bb3 25. Ra1 f6 26. Nc6 Rb6 27. Nxb4 Rxb4 28. e3 Bc2 29. Ra8+ Kf7 30. Ra7 Rxb2 31. Rxc7+ Kf8 32. Bf3 Bd3 33. d5 exd5 34. Bxd5 Bg6 35. Rc8+ Ke7 36. Rg8 Kd6 37. Bf3 Bf5 38. Kg2 g6 39. Rg7 Bd3 40. Rxh7 Ke6 41. Bg4+ f5 42. Bf3 Kf6 43. Bd5 Be4+ 44. Bxe4 fxe4 45. Ra7 Rb4 46. Ra6+ Kf5 47. Ra5+ Kf6 48. h4 1-0

[Event "1st Gujarat GM Open 2018"]
[Site "Ahmedabad"]
[Date "2018.10.07"]
[Round "3"]
[White "Rahman, Ziaur"]
[Black "Suvradeepta, Das"]
[Result "1-0"]
[ECO "E81"]
[WhiteElo "2473"]
[BlackElo "2005"]
[Annotator "ChessBase"]
[PlyCount "114"]
[EventDate "2018.10.05"]
[EventType "swiss"]
[EventCountry "IND"]
[SourceTitle "playchess.com"]
[Source "ChessBase"]
[SourceQuality "1"]
[TimeControl "5400+30"]

1. d4 Nf6 2. c4 g6 3. Nc3 Bg7 4. e4 d6 5. f3 O-O 6. Be3 Nfd7 7. Nge2 c5 8. Qd2 Nc6 9. g4 cxd4 10. Nxd4 Nde5 11. Be2 Nxd4 12. Bxd4 Be6 13. Nd5 Rc8 14. b3 Bxd5 15. exd5 e6 16. O-O exd5 17. cxd5 Nd7 18. Bxg7 Kxg7 19. Qd4+ Qf6 20. Qxf6+ Kxf6 21. Rac1 Nb6 22. Bc4 Nxc4 23. bxc4 Rc5 24. Rb1 b6 25. Rb4 Ra5 26. Rf2 Re8 27. Rc2 Ra3 28. Rb3 Ra4 29. Kf2 Rc8 30. Rbc3 Rc5 31. a3 Rc8 32. h3 Ra5 33. Ke3 Re8+ 34. Kf2 Kg5 35. Re2 Rxe2+ 36. Kxe2 Rc5 37. Ke3 Kh4 38. f4 Rc8 39. a4 Re8+ 40. Kf3 Re1 41. a5 Rh1 42. Kg2 Rb1 43. axb6 Rb2+ 44. Kf3 axb6 45. Ke4 Re2+ 46. Kd4 Rf2 47. Ke4 Rb2 48. Kd4 f5 49. gxf5 gxf5 50. Re3 Rf2 51. Re6 Rxf4+ 52. Kd3 Rf3+ 53. Kd4 Rf4+ 54. Kd3 Rf3+ 55. Kd4 Rf4+ 56. Kc3 Rf3+ 57. Kd4 b5 1-0

[Event "1st Gujarat GM Open 2018"]
[Site "Ahmedabad"]
[Date "2018.10.07"]
[Round "3"]
[White "Gukesh D"]
[Black "Thanki, Hemal Karsanji"]
[Result "1-0"]
[ECO "B34"]
[WhiteElo "2456"]
[BlackElo "2148"]
[Annotator "RC"]
[PlyCount "100"]
[EventDate "2018.10.05"]
[EventType "swiss"]
[EventCountry "IND"]
[SourceTitle "playchess.com"]
[Source "ChessBase"]
[SourceQuality "1"]
[TimeControl "5400+30"]

1. e4 c5 2. Nf3 Nc6 3. d4 cxd4 4. Nxd4 g6 5. Nc3 Bg7 6. Nde2 Nf6 7. g3 b5 8. Bg2 Rb8 9. O-O O-O 10. h3 d6 11. Be3 a5 12. a3 Bd7 13. Nd5 Re8 14. f4 b4 15. axb4 axb4 16. Bf2 Nxd5 17. exd5 Na5 18. Nd4 Nc4 19. b3 Nb6 20. Ra7 Qc8 21. Nc6 Bxc6 22. dxc6 d5 23. Bxd5 Nxd5 24. Qxd5 Qxh3 25. Qd7 Qf5 26. Qxf5 gxf5 27. c7 Rbc8 28. Rd1 e6 29. Rd7 Bf6 30. Bc5 Bc3 31. Rb7 Kg7 32. Bxb4 Bxb4 33. Rxb4 Kf6 34. Rbd4 Re7 35. c4 Rxc7 36. Rxc7 Rxc7 37. b4 Ke7 38. c5 Rd7 39. Rc4 Rd3 40. Kf2 Kd7 41. b5 Rb3 42. c6+ Kc7 43. Rc5 f6 44. Ke2 h5 45. Kd2 Rxg3 46. b6+ Kc8 47. Ra5 Kb8 48. c7+ Kb7 49. Ra8 Rg2+ 50. Kd3 Rg3+ {[%emt 0:00:12] Ke4} 1-0

[Event "1st Gujarat GM Open 2018"]
[Site "Ahmedabad"]
[Date "2018.10.07"]
[Round "3"]
[White "Vignesh N R"]
[Black "Deshpande, Aniruddha"]
[Result "1-0"]
[ECO "B61"]
[WhiteElo "2447"]
[BlackElo "2213"]
[Annotator "ChessBase"]
[PlyCount "115"]
[EventDate "2018.10.05"]
[EventType "swiss"]
[EventCountry "IND"]
[SourceTitle "playchess.com"]
[Source "ChessBase"]
[SourceQuality "1"]
[TimeControl "5400+30"]

1. e4 c5 2. Nf3 d6 3. d4 cxd4 4. Nxd4 Nf6 5. Nc3 Nc6 6. Bg5 Bd7 7. Qd2 Rc8 8. O-O-O Nxd4 9. Qxd4 Qa5 10. Bd2 a6 11. Kb1 Qc5 12. Qxc5 Rxc5 13. f3 e6 14. Bf4 Rc6 15. g4 h6 16. e5 dxe5 17. Bxe5 Be7 18. Ne2 Rc5 19. Bd4 Rc8 20. Nf4 Bc6 21. Be2 Rd8 22. Be5 O-O 23. c4 Nd7 24. Bc3 Bf6 25. Kc2 Bxc3 26. Kxc3 Ne5 27. Rxd8 Rxd8 28. Rf1 g5 29. Nh5 Ng6 30. f4 Nxf4 31. Nxf4 gxf4 32. Rxf4 Kg7 33. Bd3 e5 34. Rf2 Rd4 35. h3 a5 36. b3 f6 37. a3 h5 38. gxh5 Rh4 39. Bf5 Be4 40. Bg4 f5 41. Bxf5 Bxf5 42. Rxf5 Rxh3+ 43. Kc2 Rh2+ 44. Kd3 Rh3+ 45. Ke4 Rxb3 46. Rxe5 Rxa3 47. Rb5 Rh3 48. Rxa5 Rh4+ 49. Kd3 Kf6 50. Rb5 Ke6 51. h6 Kd6 52. Rxb7 Kc6 53. Rh7 Kc5 54. Rh8 Rh3+ 55. Ke2 Kc6 56. h7 Kb7 57. c5 Rh6 58. c6+ 1-0

[Event "1st Gujarat GM Open 2018"]
[Site "Ahmedabad"]
[Date "2018.10.07"]
[Round "3"]
[White "Bakunts, Rafael"]
[Black "Kamdar Udit"]
[Result "1-0"]
[ECO "B14"]
[WhiteElo "2427"]
[BlackElo "2103"]
[Annotator "ChessBase"]
[PlyCount "75"]
[EventDate "2018.10.05"]
[EventType "swiss"]
[EventCountry "IND"]
[SourceTitle "playchess.com"]
[Source "ChessBase"]
[SourceQuality "1"]
[TimeControl "5400+30"]

1. e4 c6 2. d4 d5 3. exd5 cxd5 4. c4 Nf6 5. Nc3 g6 6. cxd5 Bg7 7. Qb3 O-O 8. Be2 Nbd7 9. Bf3 Nb6 10. Nge2 Bg4 11. Bxg4 Nxg4 12. O-O Nf6 13. Bg5 Nfxd5 14. a4 a5 15. Rfd1 h6 16. Bd2 Qd7 17. Nb5 Rfc8 18. Rac1 e6 19. h3 Bf8 20. Rxc8 Nxc8 21. Nec3 Nf6 22. d5 Nxd5 23. Nxd5 exd5 24. Bf4 Ne7 25. Nd6 Ra6 26. Nb5 Ra8 27. Nd6 Ra6 28. Nxb7 Qf5 29. Be3 Qc8 30. Qb5 Ra8 31. Rc1 Qe6 32. Nxa5 Nf5 33. Bb6 Bd6 34. Nc6 Qe4 35. Rd1 Re8 36. Nd4 Nxd4 37. Bxd4 Qf4 38. Qxe8+ 1-0

[Event "1st Gujarat GM Open 2018"]
[Site "Ahmedabad"]
[Date "2018.10.07"]
[Round "3"]
[White "Thipsay, Praveen M"]
[Black "Prasannaa.s"]
[Result "1-0"]
[ECO "C60"]
[WhiteElo "2410"]
[BlackElo "2124"]
[Annotator "ChessBase"]
[PlyCount "113"]
[EventDate "2018.10.05"]
[EventType "swiss"]
[EventCountry "IND"]
[SourceTitle "playchess.com"]
[Source "ChessBase"]
[SourceQuality "1"]
[TimeControl "5400+30"]

1. e4 e5 2. Nf3 Nc6 3. Bb5 Nge7 4. Nc3 g6 5. d4 exd4 6. Nd5 Bg7 7. Bg5 h6 8. Bf6 Bxf6 9. Nxf6+ Kf8 10. Nxd4 Nf5 11. exf5 Qxf6 12. Bxc6 Qe5+ 13. Ne2 bxc6 14. O-O gxf5 15. Re1 Qf6 16. Nf4 d6 17. Nh5 Qg5 18. f4 Qg6 19. Re3 c5 20. Rg3 Qe6 21. Qd2 Bb7 22. Qc3 Ke7 23. Re1 Be4 24. Rge3 d5 25. Ng7 Qf6 26. Qxc5+ Kd7 27. Nxf5 Qb6 28. Qe7+ Kc6 29. Kh1 Rae8 30. Qf6+ Kd7 31. Qxf7+ Kd8 32. Ng3 Rhf8 33. Qg7 Rg8 34. Qc3 Qg6 35. Qd2 Kc8 36. c4 c6 37. cxd5 Bxd5 38. Rc1 Kb8 39. Rxe8+ Rxe8 40. b4 h5 41. b5 h4 42. bxc6 Bxc6 43. f5 Qf6 44. Nh5 Qe5 45. h3 Rc8 46. Rf1 Ka8 47. Qg5 Qd5 48. Nf4 Qxa2 49. Qxh4 a5 50. f6 a4 51. Qg5 Qb3 52. Qa5+ Kb7 53. Qf5 Rd8 54. f7 Bxg2+ 55. Nxg2 Rd3 56. f8=Q Rxh3+ 57. Kg1 1-0

[Event "1st Gujarat GM Open 2018"]
[Site "Ahmedabad"]
[Date "2018.10.07"]
[Round "3"]
[White "Fominyh, Alexander"]
[Black "Alan Diviya Raj"]
[Result "1-0"]
[ECO "D02"]
[WhiteElo "2405"]
[BlackElo "2127"]
[Annotator "ChessBase"]
[PlyCount "91"]
[EventDate "2018.10.05"]
[EventType "swiss"]
[EventCountry "IND"]
[SourceTitle "playchess.com"]
[Source "ChessBase"]
[SourceQuality "1"]
[TimeControl "5400+30"]

1. Nf3 d5 2. d4 Nf6 3. c4 e6 4. g3 b6 5. Bg2 Bb7 6. cxd5 exd5 7. Nc3 Bd6 8. O-O c6 9. Nh4 O-O 10. Nf5 g6 11. Nxd6 Qxd6 12. Bf4 Qe6 13. Qb3 Nbd7 14. Rad1 Rfe8 15. Rfe1 Nh5 16. Bc1 f5 17. f3 Nhf6 18. Bh3 Re7 19. e4 dxe4 20. Qxe6+ Rxe6 21. fxe4 Rae8 22. e5 c5 23. Nb5 cxd4 24. Nc7 Nxe5 25. Nxe8 Nf3+ 26. Kf2 Ne4+ 27. Kxf3 Rxe8 28. Rxe4 fxe4+ 29. Kf2 Rf8+ 30. Ke1 d3 31. Be3 Bd5 32. b3 Rf6 33. Rc1 a5 34. Rc8+ Kf7 35. Rc7+ Ke8 36. Kd2 h6 37. Bg2 b5 38. Rc5 Bc6 39. Bxe4 Bxe4 40. Re5+ Kf7 41. Rxe4 Rf1 42. Rf4+ Rxf4 43. Bxf4 g5 44. Bc7 a4 45. Kxd3 Ke6 46. Ke4 1-0

[Event "1st Gujarat GM Open 2018"]
[Site "Ahmedabad"]
[Date "2018.10.07"]
[Round "3"]
[White "Raghunandan, Kaumandur Srihari"]
[Black "Saranya, J."]
[Result "1-0"]
[ECO "E71"]
[WhiteElo "2394"]
[BlackElo "2071"]
[Annotator "NA"]
[PlyCount "91"]
[EventDate "2018.10.05"]
[EventType "swiss"]
[EventCountry "IND"]
[SourceTitle "playchess.com"]
[Source "ChessBase"]
[SourceQuality "1"]
[TimeControl "5400+30"]

1. d4 Nf6 2. c4 g6 3. Nc3 Bg7 4. e4 d6 5. h3 O-O 6. Be3 e5 7. d5 a5 8. g4 Na6 9. Nge2 Nc5 10. Ng3 Nfd7 11. h4 c6 12. h5 cxd5 13. cxd5 Nf6 14. f3 Bd7 15. Qd2 Ne8 16. Qh2 g5 17. Qd2 h6 18. Bb5 Bf6 19. Bxd7 Qxd7 20. Qe2 Nc7 21. Nf5 Kh7 22. O-O a4 23. Rac1 b6 24. Rfd1 Rfb8 25. Nb1 Nb5 26. Nd2 Nd4 27. Bxd4 exd4 28. Nc4 Be5 29. Nxd4 Bf4 30. Rc2 b5 31. Ne3 b4 32. Nc6 Rb7 33. Rc4 b3 34. a3 Re8 35. Nf5 Qc7 36. Qf2 Rb5 37. Qd4 Be5 38. Nxe5 dxe5 39. Qe3 Qb6 40. Kg2 Nd7 41. Rdc1 Qd8 42. Nd6 Rb6 43. Nxe8 Qxe8 44. Rc7 Rf6 45. Qa7 Nb6 46. R1c6 1-0

[Event "1st Gujarat GM Open 2018"]
[Site "Ahmedabad"]
[Date "2018.10.07"]
[Round "3"]
[White "Audi Ameya"]
[Black "Anusha N L V"]
[Result "0-1"]
[ECO "B13"]
[WhiteElo "2375"]
[BlackElo "1985"]
[Annotator "NA"]
[PlyCount "55"]
[EventDate "2018.10.05"]
[EventType "swiss"]
[EventCountry "IND"]
[SourceTitle "playchess.com"]
[Source "ChessBase"]
[SourceQuality "1"]
[TimeControl "5400+30"]

1. e4 c6 2. d4 d5 3. exd5 cxd5 4. c4 Nf6 5. Nc3 Nc6 6. Bg5 Be6 7. a3 Qd7 8. Nf3 Rd8 9. c5 Ne4 10. Be3 g6 11. Bb5 Bg7 12. Ne5 Bxe5 13. dxe5 d4 14. Nxe4 dxe3 15. f4 Qc7 16. Qa4 O-O 17. Bxc6 bxc6 18. O-O Rd3 19. Qc2 Rfd8 20. Rfd1 Rxd1+ 21. Rxd1 Bf5 22. Re1 Rd4 23. Rxe3 Qd7 24. h3 Qd5 25. Nf6+ exf6 26. exf6 h6 27. Re8+ Kh7 28. Re7 0-1

[Event "1st Gujarat GM Open 2018"]
[Site "Ahmedabad"]
[Date "2018.10.07"]
[Round "3"]
[White "Sidhant, Mohapatra"]
[Black "Satkar, Chirag"]
[Result "1-0"]
[ECO "C55"]
[WhiteElo "2341"]
[BlackElo "2089"]
[Annotator "NA"]
[PlyCount "129"]
[EventDate "2018.10.05"]
[EventType "swiss"]
[EventCountry "IND"]
[SourceTitle "playchess.com"]
[Source "ChessBase"]
[SourceQuality "1"]
[TimeControl "5400+30"]

1. e4 e5 2. Nf3 Nc6 3. Bc4 Nf6 4. d3 h6 5. c3 d6 6. a4 g6 7. a5 a6 8. Qb3 Qe7 9. Nbd2 Bg7 10. Nf1 O-O 11. Ng3 Rb8 12. O-O Bg4 13. Nh4 Kh7 14. h3 Be6 15. Bxe6 Qxe6 16. Qxe6 fxe6 17. Nf3 Nd7 18. b4 Rfd8 19. Bd2 d5 20. Rfb1 Na7 21. Be3 Nb5 22. Ne2 dxe4 23. dxe4 Nf6 24. Nd2 Rd3 25. c4 Nd4 26. Nc1 Rc3 27. b5 Rd8 28. bxa6 bxa6 29. Na2 Ra3 30. Nb4 Rxa1 31. Rxa1 Ra8 32. Bxd4 exd4 33. Nc6 Nd7 34. Rb1 Nc5 35. f3 e5 36. Nb3 Na4 37. Nc1 Nc5 38. Kf2 Kg8 39. Ke2 Kf7 40. Nd3 Kg8 41. Nc1 Kf7 42. Nd3 Nd7 43. Rb7 Ke6 44. c5 Bf8 45. Rxc7 Bxc5 46. Ncxe5 Bd6 47. Rxd7 Bxe5 48. Nxe5 Kxe5 49. Rd5+ Ke6 50. Rxd4 Rb8 51. Rd5 Rb2+ 52. Kf1 Ra2 53. h4 Ra1+ 54. Kf2 Ra2+ 55. Kg3 Ra3 56. Kf4 Ra2 57. g3 Ra3 58. Kg4 Rb3 59. h5 g5 60. Rd8 Rb5 61. Rh8 Rxa5 62. Rxh6+ Kf7 63. Rb6 Kg7 64. Rg6+ Kh7 65. Rb6 1-0

[Event "1st Gujarat GM Open 2018"]
[Site "Ahmedabad"]
[Date "2018.10.07"]
[Round "3"]
[White "Mohammad Minhaz Uddin"]
[Black "Bhatt, Jalpan"]
[Result "1-0"]
[ECO "B27"]
[WhiteElo "2328"]
[BlackElo "1983"]
[Annotator "NA"]
[PlyCount "165"]
[EventDate "2018.10.05"]
[EventType "swiss"]
[EventCountry "IND"]
[SourceTitle "playchess.com"]
[Source "ChessBase"]
[SourceQuality "1"]
[TimeControl "5400+30"]

1. e4 c5 2. Nf3 g6 3. c3 Bg7 4. d4 cxd4 5. cxd4 d5 6. exd5 Nf6 7. Nc3 O-O 8. Bc4 Nbd7 9. O-O Nb6 10. Bb3 Nbxd5 11. Re1 Be6 12. Rxe6 fxe6 13. Ng5 Qb6 14. Qe2 Nc7 15. Bf4 Nfd5 16. Nxd5 exd5 17. Bxc7 Qxc7 18. Bxd5+ Kh8 19. Nf7+ Rxf7 20. Bxf7 Rf8 21. Bd5 Bxd4 22. Bf3 e5 23. Rd1 Qc5 24. g3 Qb6 25. Rd2 Rf7 26. Kg2 Qf6 27. h4 Kg7 28. Rc2 Qb6 29. b3 Rc7 30. Be4 Rf7 31. Bf3 Rc7 32. Rd2 Rf7 33. Qe4 Qf6 34. Qd5 Qf5 35. Re2 Rd7 36. Qc4 Qf7 37. Qb5 Re7 38. Be4 b6 39. Qd3 Rc7 40. Rd2 Qf6 41. Qe2 Rf7 42. Rc2 Qd6 43. Bf3 Rc7 44. Rd2 Qf6 45. h5 gxh5 46. Bxh5 Qc6+ 47. Bf3 Qf6 48. Rd1 Rf7 49. Rh1 Qf5 50. Rh4 h6 51. Re4 Rf6 52. Rg4+ Kf8 53. Rh4 Kg7 54. Rh5 Qg6 55. Rh4 Qf5 56. Re4 Rf7 57. Qd3 Rf6 58. Rg4+ Kf8 59. Qd1 Rg6 60. Rxg6 Qxg6 61. Qc1 Qf6 62. Qc7 a5 63. Qc2 Bc5 64. Qe2 Bd4 65. Be4 Kg7 66. Qg4+ Kf8 67. Qc8+ Ke7 68. f3 Qg5 69. Bd5 Qf6 70. Bc6 Qd6 71. Qe8+ Kf6 72. Be4 Qe6 73. Qf8+ Qf7 74. Qxh6+ Ke7 75. Qc6 Qe6 76. Qa8 Qh6 77. Qb7+ Kd8 78. Qd5+ Ke7 79. Qb7+ Kd8 80. Bf5 Qd2+ 81. Kh3 Qh6+ 82. Kg4 Qf6 83. Qd7# 1-0

[Event "1st Gujarat GM Open 2018"]
[Site "Ahmedabad"]
[Date "2018.10.07"]
[Round "3"]
[White "Wagh Suyog"]
[Black "Soham Datar"]
[Result "1/2-1/2"]
[ECO "D12"]
[WhiteElo "2312"]
[BlackElo "2060"]
[Annotator "NA"]
[PlyCount "171"]
[EventDate "2018.10.05"]
[EventType "swiss"]
[EventCountry "IND"]
[SourceTitle "playchess.com"]
[Source "ChessBase"]
[SourceQuality "1"]
[TimeControl "5400+30"]

1. d4 d5 2. c4 c6 3. Nf3 Nf6 4. e3 Bf5 5. Nc3 e6 6. Bd3 Bxd3 7. Qxd3 Nbd7 8. O-O Bb4 9. Bd2 Bxc3 10. Bxc3 Ne4 11. Bd2 Nef6 12. Bc3 Ne4 13. Bb4 Qb6 14. Ba3 Qa6 15. Rfc1 Nb6 16. Ne5 f6 17. cxd5 Qxd3 18. Nxd3 exd5 19. f3 Ng5 20. Nc5 O-O-O 21. b3 Rhe8 22. Kf2 Ne6 23. Nd3 Kb8 24. Bb4 Nc8 25. Rh1 Rd7 26. Rae1 b6 27. Rc1 Kb7 28. Rc2 a5 29. Ba3 Na7 30. Rhc1 Rc8 31. Bb2 Nb5 32. a4 Na7 33. Ba3 Ra8 34. Kf1 Re8 35. Kf2 Ra8 36. g3 g5 37. Rh1 Rg7 38. h4 g4 39. f4 Rd7 40. h5 h6 41. Rh4 Rg8 42. Rc1 Ka8 43. Ke2 Rb7 44. Nf2 f5 45. Nd3 Re8 46. Kd2 c5 47. dxc5 bxc5 48. Bxc5 Rxb3 49. Rhh1 Nc6 50. Bd6 d4 51. Rhe1 dxe3+ 52. Rxe3 Ncd4 53. Be5 Nf3+ 54. Ke2 Rd8 55. Bf6 Rd6 56. Rc8+ Ka7 57. Re8 Ned4+ 58. Bxd4+ Nxd4+ 59. Kf2 Nc6 60. Ne1 Rb2+ 61. Re2 Rxe2+ 62. Kxe2 Re6+ 63. Rxe6 Nd4+ 64. Kd3 Nxe6 65. Ng2 Nc5+ 66. Kd4 Ne4 67. Ke5 Nxg3 68. Kf6 Nxh5+ 69. Kxf5 g3 70. Kg6 Nxf4+ 71. Nxf4 Kb6 72. Kh5 Kc5 73. Kg4 Kb4 74. Kxg3 Kxa4 75. Nd5 Kb3 76. Nb6 Kb4 77. Kh4 Kb5 78. Nd5 Kc5 79. Nc3 Kc4 80. Na4 Kb5 81. Nc3+ Kb4 82. Nd5+ Kb3 83. Nb6 a4 84. Nxa4 Kxa4 85. Kh5 Kb3 86. Kxh6 1/2-1/2

[Event "1st Gujarat GM Open 2018"]
[Site "Ahmedabad"]
[Date "2018.10.07"]
[Round "3"]
[White "Srijit Paul"]
[Black "Thipsay, Bagyashree Sathe"]
[Result "1/2-1/2"]
[ECO "B12"]
[WhiteElo "2292"]
[BlackElo "2021"]
[Annotator "NA"]
[PlyCount "84"]
[EventDate "2018.10.05"]
[EventType "swiss"]
[EventCountry "IND"]
[SourceTitle "playchess.com"]
[Source "ChessBase"]
[SourceQuality "1"]
[TimeControl "5400+30"]

1. e4 c6 2. d4 d5 3. e5 Bf5 4. Nd2 e6 5. Nb3 Nd7 6. Nf3 Bg6 7. Be2 Nh6 8. a4 Nf5 9. O-O Be7 10. a5 Rc8 11. g4 Nh6 12. h3 O-O 13. Be3 Kh8 14. c3 Ng8 15. Ne1 f6 16. f4 fxe5 17. dxe5 c5 18. Ng2 Be4 19. g5 Qc7 20. Bg4 Qc6 21. Qe2 Bd8 22. Nd2 Bf5 23. Bxf5 Rxf5 24. Nh4 Ne7 25. Nxf5 Nxf5 26. Bf2 Nf8 27. h4 Ng6 28. Qg4 Qb5 29. h5 Nge7 30. g6 h6 31. Nf3 Bxa5 32. Rfe1 Bb6 33. Bh4 Nc6 34. Bf6 Qxb2 35. Nh4 Qxc3 36. Nxf5 exf5 37. Qxf5 Qg3+ 38. Kh1 Qf3+ 39. Kh2 Qf2+ 40. Kh3 Qf3+ 41. Kh4 Qf2+ 42. Kh3 Qf3+ 1/2-1/2

[Event "1st Gujarat GM Open 2018"]
[Site "Ahmedabad"]
[Date "2018.10.07"]
[Round "3"]
[White "Prasad, Devaki V"]
[Black "Pranesh M"]
[Result "1-0"]
[ECO "C80"]
[WhiteElo "2285"]
[BlackElo "2028"]
[Annotator "NA"]
[PlyCount "69"]
[EventDate "2018.10.05"]
[EventType "swiss"]
[EventCountry "IND"]
[SourceTitle "playchess.com"]
[Source "ChessBase"]
[SourceQuality "1"]
[TimeControl "5400+30"]

1. e4 e5 2. Nf3 Nc6 3. Bb5 Nf6 4. O-O Nxe4 5. d4 a6 6. Ba4 exd4 7. Re1 d5 8. Nxd4 b5 9. Nxc6 Qf6 10. f3 Bc5+ 11. Kh1 Bg4 12. Nc3 Qxc6 13. fxe4 Qg6 14. Qxd5 O-O 15. Qxc5 bxa4 16. Bf4 Rab8 17. Nd5 Qe6 18. Bxc7 Rbe8 19. Bd6 Rc8 20. Ne7+ Kh8 21. Nxc8 Rxc8 22. Qe5 Qg6 23. Re3 f6 24. Qd4 Rxc2 25. Rg3 Qh5 26. Qxa4 Rc8 27. h3 Be6 28. Qxa6 Qh6 29. Bf4 Qxf4 30. Qxe6 Rg8 31. Rd3 h6 32. Rad1 Qc7 33. Rd7 Qa5 34. b4 Qa8 35. Qxg8+ {[%emt 0:00:16] Qd8 [%clk 0:23:05]} 1-0

[Event "1st Gujarat GM Open 2018"]
[Site "Ahmedabad"]
[Date "2018.10.07"]
[Round "3"]
[White "Kushagra Mohan"]
[Black "Ter-Sahakyan, Samvel"]
[Result "0-1"]
[ECO "B92"]
[WhiteElo "2283"]
[BlackElo "2547"]
[Annotator "ChessBase"]
[PlyCount "92"]
[EventDate "2018.10.05"]
[EventType "swiss"]
[EventCountry "IND"]
[SourceTitle "playchess.com"]
[Source "ChessBase"]
[SourceQuality "1"]
[TimeControl "5400+30"]

1. e4 c5 2. Nf3 d6 3. d4 cxd4 4. Nxd4 Nf6 5. Nc3 a6 6. Be2 e5 7. Nb3 Be7 8. O-O O-O 9. Qd3 Be6 10. Nd5 Nbd7 11. Bd2 Bxd5 12. exd5 Rc8 13. c4 b6 14. Rac1 a5 15. a4 Nc5 16. Nxc5 dxc5 17. Bf3 Bd6 18. b3 Ne8 19. g3 f5 20. Bg2 Rc7 21. Rce1 h5 22. Bc3 Re7 23. Re2 h4 24. gxh4 e4 25. Qh3 Bf4 26. f3 e3 27. h5 Ref7 28. Kh1 Qg5 29. Rg1 Nf6 30. Bf1 Qxh5 31. Qxh5 Nxh5 32. Rg6 Rb8 33. Re6 Rbb7 34. Bh3 Kh7 35. Kg1 Bb8 36. R2xe3 Nf4 37. Bf1 Nxe6 38. Rxe6 Rfe7 39. Bd3 Rxe6 40. dxe6 Kg6 41. h4 Re7 42. h5+ Kg5 43. Kf2 Bf4 44. Bb2 Rxe6 45. Bxg7 Be5 46. Bf8 Re8 0-1

[Event "1st Gujarat GM Open 2018"]
[Site "Ahmedabad"]
[Date "2018.10.07"]
[Round "3"]
[White "Bharath Subramaniyam H"]
[Black "Sa, Kannan"]
[Result "1-0"]
[ECO "B00"]
[WhiteElo "2276"]
[BlackElo "1977"]
[Annotator "NA"]
[PlyCount "70"]
[EventDate "2018.10.05"]
[EventType "swiss"]
[EventCountry "IND"]
[SourceTitle "playchess.com"]
[Source "ChessBase"]
[SourceQuality "1"]
[TimeControl "5400+30"]

1. e4 f6 2. d4 e6 3. Nf3 b6 4. Bd3 Bb7 5. O-O g6 6. Nc3 Nh6 7. e5 Nf7 8. Ne4 Bg7 9. exf6 Bxf6 10. Ne5 Bxe5 11. dxe5 Qe7 12. f4 Bxe4 13. Bxe4 Qc5+ 14. Kh1 Nc6 15. Qd3 Rd8 16. Be3 Qe7 17. Rad1 O-O 18. Qe2 Qb4 19. c4 Ne7 20. a3 Qa4 21. Bf2 d5 22. cxd5 Nxd5 23. Bxd5 Rxd5 24. Rxd5 exd5 25. b4 Qc6 26. e6 Nd6 27. e7 Rf7 28. Qe5 Qe8 29. Re1 Ne4 30. Bh4 g5 31. Qxd5 Nd6 32. Qxg5+ Rg7 33. Qd5+ Rf7 34. Bf6 h6 35. Re3 Qd8 1-0

[Event "1st Gujarat GM Open 2018"]
[Site "Ahmedabad"]
[Date "2018.10.07"]
[Round "3"]
[White "Kunal, M.."]
[Black "Karthik Venkataraman"]
[Result "1/2-1/2"]
[ECO "A06"]
[WhiteElo "2270"]
[BlackElo "2525"]
[Annotator "ChessBase"]
[PlyCount "96"]
[EventDate "2018.10.05"]
[EventType "swiss"]
[EventCountry "IND"]
[SourceTitle "playchess.com"]
[Source "ChessBase"]
[SourceQuality "1"]
[TimeControl "5400+30"]

1. Nf3 d5 2. e3 Nf6 3. c4 c6 4. b3 g6 5. Bb2 Bg7 6. Be2 O-O 7. O-O Nbd7 8. cxd5 cxd5 9. d4 b6 10. Nbd2 Bb7 11. Rc1 Rc8 12. Rxc8 Qxc8 13. Qc1 Qb8 14. Qa1 Rd8 15. a4 Ne4 16. Rd1 Ndf6 17. h3 e6 18. Rc1 Rc8 19. Nxe4 Nxe4 20. Rxc8+ Qxc8 21. Qc1 Qxc1+ 22. Bxc1 Bf8 23. Kf1 Bb4 24. Bd3 f6 25. Ne1 Nd2+ 26. Bxd2 Bxd2 27. Ke2 Bc3 28. f4 e5 29. fxe5 fxe5 30. dxe5 Bxe1 31. Kxe1 Kf7 32. h4 Ke6 33. g3 Kxe5 34. h5 gxh5 35. Bxh7 Bc8 36. Bg6 Bg4 37. b4 Bf3 38. a5 bxa5 39. bxa5 Kd6 40. Kd2 Kc5 41. Bd3 Kb4 42. a6 Bg4 43. Bf1 Bd7 44. Be2 Be8 45. Bf3 Kc4 46. Be2+ Kb4 47. Bf3 Bf7 48. Be2 Be8 1/2-1/2